[Event "Titled Tuesday Blitz November 07 Early 2023"]
[White "Gyulamiryan-koryun"]
[Black "Rasmussen, Casper"]
[BlackFideId "1402005"]
[WhiteElo "1890"]
[BlackElo "2293"]
[Result "0-1"]
[Round "4"]
[TimeControl "180+1"]
[Date "2023.11.07"]
[WhiteClock "0:00:00"]
[BlackClock "0:00:08"]
[Board "234"]

1. e4 c5 2. Nf3 e6 3. c4 a6 4. Nc3 Nc6 5. Be2 g6 6. O-O Bg7 7. d3 Nge7 8. a3 O-O 9. Bg5 h6 10. Bh4 d6 11. d4 cxd4 12. Na4 e5 13. b4 Be6 14. c5 g5 15. Bg3 f6 16. Nb6 Ra7 17. Bc4 d5 18. Bd3 Nc8 19. Nxc8 Qxc8 20. Rc1 Qd7 21. Qb3 Rd8 22. Rc2 Kh8 23. Qb2 Raa8 24. Rb1 Rac8 25. Nd2 Ne7 26. f3 Ng8 27. b5 axb5 28. Qxb5 Qxb5 29. Rxb5 Rc7 30. Rcb2 Bf8 31. exd5 Bxd5 32. Ne4 Bxe4 33. Bxe4 Bxc5 34. Rxb7 d3+ 35. Kf1 Rxb7 36. Rxb7 d2 37. Bc2 Ne7 38. Ke2 Nc6 39. Kd1 Nd4 40. Bd3 Bxa3 41. Ra7 Bb4 42. Ra4 Bc3 43. f4 exf4 44. Bf2 Ne6 45. Bb6 Rc8 46. Bc2 Be5 47. Ra7 Nd4 48. Bxd4 Bxd4 0-1


[Site "https://www.chess.com"]

[Event "Titled Tuesday Blitz November 07 Early 2023"]
[White "Carlsen, Magnus"]
[Black "Khismatullin, Denis"]
[WhiteFideId "1503014"]
[BlackFideId "4142578"]
[WhiteElo "3271"]
[BlackElo "2937"]
[Result "1/2-1/2"]
[Round "5"]
[TimeControl "180+1"]
[Date "2023.11.07"]
[WhiteClock "0:00:04"]
[BlackClock "0:00:05"]
[Board "1"]

1. e4 c5 2. Nf3 e6 3. a3 a6 4. b4 d5 5. exd5 exd5 6. Bb2 Nf6 7. Bd3 c4 8. Be2 Nc6 9. O-O Bd6 10. d3 cxd3 11. Bxd3 O-O 12. h3 Re8 13. Nbd2 h6 14. Re1 Rxe1+ 15. Qxe1 Bc7 16. Bxf6 gxf6 17. Qe3 Qf8 18. Re1 Bd7 19. Nb3 Re8 20. Qd2 Rxe1+ 21. Nxe1 Ne5 22. Be2 Qd6 23. Qxh6 Ng6 24. Nf3 Nf4 25. Bf1 Bf5 26. Nbd4 Be4 27. g3 Ng6 28. Bg2 f5 29. Ng5 Qf6 30. c3 Be5 31. Nxe4 dxe4 32. h4 f4 33. Qg5 Qxg5 34. hxg5 fxg3 35. Bxe4 gxf2+ 36. Kxf2 b6 37. Bxg6 fxg6 38. Ke3 Kf7 39. Ke4 Bg3 40. Kd5 b5 41. Ne6 Be1 42. Nc7 Bxc3 43. Nxa6 Bb2 44. Nc7 Bxa3 45. Kc5 Bc1 46. Kxb5 Bxg5 47. Kc6 Be3 48. Nd5 Bd4 49. b5 g5 50. b6 Bxb6 51. Kxb6 g4 52. Ne3 g3 53. Kc5 g2 54. Nxg2 1/2-1/2


[Site "https://www.chess.com"]

[Event "Titled Tuesday Blitz November 07 Early 2023"]
[White "Nihal Sarin"]
[Black "Aravindh, Chithambaram VR."]
[WhiteFideId "25092340"]
[BlackFideId "5072786"]
[WhiteElo "3116"]
[BlackElo "2923"]
[Result "0-1"]
[Round "5"]
[TimeControl "180+1"]
[Date "2023.11.07"]
[WhiteClock "0:00:05"]
[BlackClock "0:00:05"]
[Board "2"]

1. a3 h6 2. b4 Nf6 3. Bb2 e6 4. Nf3 d5 5. c4 Be7 6. e3 O-O 7. Nc3 b6 8. cxd5 exd5 9. b5 c5 10. bxc6 Nxc6 11. Nb5 Bg4 12. Be2 Rc8 13. O-O Ne4 14. d3 Nd6 15. a4 Bf6 16. Bxf6 Qxf6 17. h3 Bh5 18. Nbd4 Bxf3 19. Nxf3 d4 20. e4 Nb7 21. Nd2 Nb4 22. Nc4 Na5 23. e5 Qe7 24. Nd6 Rc5 25. f4 Nc2 26. Bf3 Ne3 27. Qe1 Nxf1 28. Qxf1 Nb3 29. Rd1 Rd8 30. Nf5 Qc7 31. Be4 Rc1 32. Kh2 Nd2 33. Qe1 Rxd1 34. Qxd1 Nxe4 35. dxe4 d3 36. Qg4 g6 37. e6 d2 38. Nxh6+ Kf8 39. Nxf7 d1=Q 40. Qh4 Rd2 41. Ne5 Rxg2+ 42. Kxg2 Qcc2+ 43. Qf2 Qxf2+ 44. Kxf2 Qxa4 45. Kf3 Ke7 46. Nxg6+ Kxe6 47. f5+ Kf6 48. Kf4 Qd4 49. Nh4 Qf2+ 50. Nf3 a5 51. e5+ Ke7 52. f6+ Kf7 53. Ke4 a4 54. Ng5+ Kg6 55. Ne6 a3 56. Nf4+ Qxf4+ 57. Kxf4 a2 0-1


[Site "https://www.chess.com"]

[Event "Titled Tuesday Blitz November 07 Early 2023"]
[White "Firouzja, Alireza"]
[Black "Bauman_Guy"]
[WhiteFideId "12573981"]
[WhiteElo "3080"]
[BlackElo "2920"]
[Result "1/2-1/2"]
[Round "5"]
[TimeControl "180+1"]
[Date "2023.11.07"]
[WhiteClock "0:00:07"]
[BlackClock "0:00:07"]
[Board "3"]

1. a3 g6 2. c3 Bg7 3. e4 d5 4. exd5 Qxd5 5. Nf3 c5 6. Be2 Nc6 7. O-O Nf6 8. d3 b6 9. h3 Bb7 10. a4 O-O 11. Na3 Rfd8 12. Re1 Ne5 13. Nb5 Nxf3+ 14. Bxf3 Qd7 15. Bf4 Nd5 16. Bg3 e6 17. Nd6 Bc6 18. a5 Ne7 19. Bg4 Nf5 20. Bxf5 exf5 21. axb6 axb6 22. Rxa8 Bxa8 23. Qb3 Bf8 24. Qxb6 Qc6 25. Qxc6 Bxc6 26. Nc4 Bb5 27. Ra1 Rxd3 28. Ne5 Rd8 29. Ra7 f6 30. Nf3 Bc6 31. Ra6 Rd1+ 32. Kh2 Bxf3 33. gxf3 Kf7 34. Ra7+ Be7 35. Bf4 Ke6 36. Be3 Rb1 37. Ra6+ Kf7 38. Rb6 c4 39. f4 Bd8 40. Rb7+ Ke6 41. Kg2 h5 42. Bd4 g5 43. Rb4 g4 44. h4 Bc7 45. Be3 Bd6 46. Rb6 Kd5 47. Rb5+ Ke6 48. Rb7 Kd5 49. Rf7 Ke6 50. Rh7 Rxb2 51. Rxh5 Rc2 52. Rh8 Kf7 53. h5 Rxc3 54. Rc8 Rd3 55. Rxc4 Kg7 56. Ra4 Kh6 57. Ra5 Kxh5 58. Rxf5+ Kg6 59. Rb5 f5 60. Ra5 Kf6 61. Ra7 Ke6 62. Rh7 Rd5 63. Rh6+ Kf7 64. Rh7+ Kg6 65. Rd7 Kf6 66. Ra7 Ke6 67. Kg3 Bc5 68. Ra6+ Kd7 69. Ra5 Kd6 70. Ra6+ Ke7 71. Kh4 Bxe3 72. fxe3 Rd3 73. Kg5 Rxe3 74. Kxf5 g3 75. Ra7+ Kf8 76. Kf6 Ke8 77. Rg7 Ra3 78. Rg8+ Kd7 79. f5 Ra6+ 80. Kf7 Kd6 81. Rg6+ Ke5 82. Rxa6 Kxf5 83. Ra5+ Kf4 84. Ra4+ Kf3 85. Ra3+ Kf2 86. Ra2+ Kf1 87. Kf6 g2 88. Kf5 g1=Q 89. Ra1+ Kg2 90. Rxg1+ Kxg1 1/2-1/2


[Site "https://www.chess.com"]

[Event "Titled Tuesday Blitz November 07 Early 2023"]
[White "Duda, Jan-Krzysztof"]
[Black "Sethuraman, S.P."]
[WhiteFideId "1170546"]
[BlackFideId "5021596"]
[WhiteElo "3079"]
[BlackElo "2905"]
[Result "1-0"]
[Round "5"]
[TimeControl "180+1"]
[Date "2023.11.07"]
[WhiteClock "0:00:15"]
[BlackClock "0:00:01"]
[Board "4"]

1. d4 d5 2. c4 e6 3. Nf3 Nf6 4. g3 Bb4+ 5. Bd2 Be7 6. Bg2 O-O 7. O-O Nbd7 8. Qc2 c6 9. Rd1 a5 10. Bf4 a4 11. a3 Qa5 12. h3 Qa6 13. Nbd2 Nh5 14. Bc7 f5 15. Ne5 Nhf6 16. Nd3 Ne4 17. Rac1 Ndf6 18. Be5 Nd7 19. Bf4 Nxd2 20. Bxd2 Nb6 21. cxd5 exd5 22. Bb4 Bxb4 23. Nxb4 Qa7 24. e3 Qb8 25. Qc5 Nd7 26. Qe7 Nf6 27. Qe5 Qxe5 28. dxe5 Ne4 29. h4 Re8 30. Nd3 Ra5 31. Kh2 c5 32. f3 c4 33. fxe4 cxd3 34. exd5 Bd7 35. e6 Bb5 36. Rc7 Ra6 37. Rxb7 Bc4 38. Rc7 Bb5 39. Rb7 Bc4 40. Rb4 Bb3 41. Rxd3 Rd6 42. Rbd4 Rc8 43. Rc3 Rdd8 44. e7 Re8 45. Rxc8 Rxc8 46. d6 1-0


[Site "https://www.chess.com"]

[Event "Titled Tuesday Blitz November 07 Early 2023"]
[White "Talibov, Shiroghlan"]
[Black "Bluebaum, Matthias"]
[WhiteFideId "13429078"]
[BlackFideId "24651516"]
[WhiteElo "2897"]
[BlackElo "3073"]
[Result "1/2-1/2"]
[Round "5"]
[TimeControl "180+1"]
[Date "2023.11.07"]
[WhiteClock "0:00:04"]
[BlackClock "0:00:22"]
[Board "5"]

1. d4 d5 2. c4 e6 3. Nf3 Nf6 4. Nc3 Bb4 5. Qa4+ Nc6 6. e3 O-O 7. Bd2 Qe8 8. Qc2 dxc4 9. Bxc4 e5 10. dxe5 Nxe5 11. Be2 Bg4 12. Nxe5 Qxe5 13. Bxg4 Nxg4 14. h3 Nf6 15. O-O Rad8 16. Rad1 Rd7 17. Ne2 Bd6 18. Nf4 Ne4 19. g3 Rfd8 20. Bc1 c6 21. Rd3 g5 22. Ne2 Qf5 23. Kg2 Be5 24. Rxd7 Rxd7 25. g4 Qg6 26. f3 Nf6 27. Qxg6+ hxg6 28. e4 Ne8 29. Bxg5 Bxb2 30. Rb1 Bf6 31. Be3 b6 32. f4 Nd6 33. Rd1 Rd8 34. e5 Nc4 35. Rxd8+ Bxd8 36. Bc1 g5 37. Kf3 gxf4 38. Bxf4 a5 39. Nd4 c5 40. Nc6 Bh4 41. Ke4 Na3 42. Na7 Nc2 43. Nc8 b5 44. Nd6 b4 45. Kd5 a4 46. Nc4 Bf2 47. g5 Bd4 48. g6 fxg6 49. e6 Bf6 50. Kxc5 b3 51. axb3 axb3 52. Kd6 Nd4 53. Kd7 Nf5 54. Bc1 Kh7 55. Nd6 Bh4 56. Ne4 Be7 57. Bb2 Bb4 58. Nf6+ Kh6 59. Nd5 Bc5 60. e7 Nxe7 61. Nxe7 g5 62. Nd5 Kh5 63. Ke6 Kh4 64. Kf5 Bf8 65. Bc1 Bh6 66. Ke4 g4 67. Bxh6 b2 68. Nc3 gxh3 69. Bf4 Kg4 70. Ke3 Kh4 71. Kf3 Kh5 72. Kg3 h2 73. Kxh2 Kg4 74. Bh6 Kf3 75. Kg1 Kg3 76. Kf1 Kf3 77. Ke1 Kg4 78. Kd2 b1=Q 79. Nxb1 Kh5 80. Be3 Kg6 81. Kd3 Kf5 82. Kd4 Kg4 83. Ke4 Kh5 84. Kf4 Kg6 85. Ke5 Kh5 86. Nc3 Kh4 87. Ne4 Kh3 88. Kf4 Kg2 89. Kg4 Kf1 90. Kf3 Ke1 91. Ng3 Kd1 92. Ke4 Ke1 93. Kd3 Kd1 94. Bf4 Ke1 95. Be3 Kd1 96. Ne4 Ke1 97. Ng3 1/2-1/2


[Site "https://www.chess.com"]

[Event "Titled Tuesday Blitz November 07 Early 2023"]
[White "Pranav, V"]
[Black "Steinberg, Nitzan"]
[WhiteFideId "25060783"]
[BlackFideId "2801795"]
[WhiteElo "3063"]
[BlackElo "2894"]
[Result "1-0"]
[Round "5"]
[TimeControl "180+1"]
[Date "2023.11.07"]
[WhiteClock "0:00:13"]
[BlackClock "0:00:02"]
[Board "6"]

1. e4 c5 2. Nf3 e6 3. d4 cxd4 4. Nxd4 Nc6 5. Nc3 Qc7 6. Be3 a6 7. Qf3 Nf6 8. O-O-O Be7 9. Nxc6 bxc6 10. g4 d5 11. g5 Nd7 12. h4 O-O 13. h5 Rb8 14. exd5 cxd5 15. Bf4 Bd6 16. Bxd6 Qxd6 17. Rh4 Bb7 18. h6 g6 19. Qd3 Nc5 20. Qe3 e5 21. f4 Rfe8 22. fxe5 Qxe5 23. Qxe5 Rxe5 24. Rb4 Rd8 25. Rb6 Re6 26. Nxd5 Kf8 27. Rxb7 Nxb7 28. Nf6 Rxd1+ 29. Kxd1 Rxf6 30. gxf6 Nd6 31. Bxa6 Ne4 32. a4 Nxf6 33. a5 Ke7 34. Bb7 Kd6 35. b4 Ng4 36. Kd2 Ne5 37. Ke3 f5 38. Kd4 f4 39. c4 g5 40. c5+ Ke6 41. a6 f3 42. b5 f2 43. Bg2 Nf3+ 44. Ke3 Ne1 45. Bh3+ g4 46. Bxg4+ Kd5 47. Be2 Kxc5 48. a7 1-0


[Site "https://www.chess.com"]

[Event "Titled Tuesday Blitz November 07 Early 2023"]
[White "Martinez Alcantara, Jose Eduardo"]
[Black "Kazakouski, Valery"]
[WhiteFideId "3805662"]
[BlackFideId "13507443"]
[WhiteElo "3051"]
[BlackElo "2887"]
[Result "1-0"]
[Round "5"]
[TimeControl "180+1"]
[Date "2023.11.07"]
[WhiteClock "0:00:26"]
[BlackClock "0:00:01"]
[Board "7"]

1. e4 c5 2. Nf3 a6 3. c3 d5 4. exd5 Qxd5 5. d4 Bg4 6. Be2 Nf6 7. Be3 cxd4 8. cxd4 e6 9. Nc3 Qd6 10. Qb3 Qb4 11. h3 Bh5 12. g4 Bg6 13. Ne5 Be4 14. O-O Bd5 15. Qxb4 Bxb4 16. g5 Ne4 17. Nxd5 exd5 18. Rac1 O-O 19. Rc7 b5 20. Rfc1 Ba5 21. R7c2 Bd8 22. h4 f6 23. gxf6 Bxf6 24. Bg4 Ra7 25. Be6+ Kh8 26. Bxd5 Nd6 27. h5 Nd7 28. Nxd7 Rxd7 29. Be6 Rdd8 30. b3 Ne4 31. d5 Ng5 32. Kg2 Rfe8 33. Rc6 a5 34. R1c2 a4 35. bxa4 bxa4 36. Ra6 h6 37. Bxg5 Bxg5 38. Rxa4 Rf8 39. Re4 Be7 40. a4 Ra8 41. Rc7 Bd6 42. Rd7 Bf4 43. Bg4 Ra6 44. Be2 Ra5 45. Bd3 Bg5 46. f4 Bf6 47. Bb5 Raa8 48. d6 Rab8 49. Rc7 Rbd8 50. d7 Kg8 51. Bc4+ Kh7 52. Bb5 Kg8 53. a5 g6 54. hxg6 Kg7 55. a6 Kxg6 56. a7 Kf5 57. Kf3 1-0


[Site "https://www.chess.com"]

[Event "Titled Tuesday Blitz November 07 Early 2023"]
[White "Taher, Yoseph Theolifus"]
[Black "Pranesh M"]
[WhiteFideId "7105347"]
[BlackFideId "35028600"]
[WhiteElo "2883"]
[BlackElo "3036"]
[Result "1-0"]
[Round "5"]
[TimeControl "180+1"]
[Date "2023.11.07"]
[WhiteClock "0:00:04"]
[BlackClock "0:00:22"]
[Board "8"]

1. Nf3 Nf6 2. g3 c6 3. Bg2 d5 4. O-O Bf5 5. d3 e6 6. c4 Nbd7 7. Qb3 Nc5 8. Qc2 h6 9. b3 Be7 10. Bb2 O-O 11. Nbd2 Nfd7 12. b4 Na6 13. a3 Bh7 14. Rac1 c5 15. b5 Nc7 16. a4 b6 17. Rfd1 d4 18. a5 e5 19. Ra1 Rb8 20. axb6 axb6 21. Ra7 f5 22. Rda1 Bd6 23. e3 Kh8 24. exd4 exd4 25. Nb3 f4 26. Re1 fxg3 27. hxg3 Qf6 28. Re2 Rbe8 29. Qd1 Bf5 30. Rxe8 Rxe8 31. Nh4 Bh7 32. Bc6 Rf8 33. Qf3 Qe6 34. Qd1 Ne5 35. Nc1 Nxc6 36. bxc6 Bxg3 37. fxg3 Qe3+ 38. Kh2 Rf2+ 39. Ng2 Rxb2 40. Rxc7 Qf2 41. Qg1 Qf3 42. Rc8+ Bg8 43. Qh1 Kh7 44. c7 Be6 45. Re8 Rd2 46. Rxe6 Qh5+ 47. Kg1 Qd1+ 48. Re1 Rxg2+ 49. Kxg2 1-0


[Site "https://www.chess.com"]

[Event "Titled Tuesday Blitz November 07 Early 2023"]
[White "Henriquez Villagra, Cristobal"]
[Black "Oparin, Grigoriy"]
[WhiteFideId "3409350"]
[BlackFideId "24125890"]
[WhiteElo "2878"]
[BlackElo "2991"]
[Result "0-1"]
[Round "5"]
[TimeControl "180+1"]
[Date "2023.11.07"]
[WhiteClock "0:00:02"]
[BlackClock "0:00:28"]
[Board "9"]

1. d4 Nf6 2. Nf3 e6 3. Bf4 d5 4. e3 c5 5. Be2 Nc6 6. O-O Be7 7. dxc5 O-O 8. a3 Bxc5 9. c4 b6 10. Nc3 dxc4 11. Bxc4 Bb7 12. b4 Be7 13. Qe2 Nh5 14. Rfd1 Nxf4 15. exf4 Qb8 16. Qe3 Bf6 17. Rac1 Ne7 18. Ne4 Bxe4 19. Qxe4 Rd8 20. g3 g6 21. Bb5 a6 22. Ba4 a5 23. Rxd8+ Qxd8 24. Rd1 Qc8 25. Bd7 Qf8 26. bxa5 Rxa5 27. a4 Rc5 28. Kg2 Nd5 29. Rd3 Kg7 30. Bb5 Qc8 31. h4 h5 32. Ng5 Nc3 33. Qf3 Nxb5 34. axb5 Rxb5 35. Ne4 Rd5 36. Rb3 Bd4 37. Qe2 Qd7 38. Ng5 b5 39. Nf3 Bf6 40. Qf1 Qc6 41. Qb1 Rc5 42. Kh2 b4 43. Kg2 Bc3 44. Qd3 Ra5 45. Rxb4 Bxb4 46. Qd4+ e5 47. Qxb4 Rb5 48. Qa4 exf4 49. Qxf4 Rf5 50. Qd4+ Kg8 51. Qe3 Qd5 52. Qe2 Rf6 53. Qe8+ Kg7 54. Qe3 Re6 55. Qc3+ Kg8 56. Qc8+ Kh7 57. Qc3 Rb6 58. Kh2 Rb8 59. Ng5+ Kg8 60. Qf6 Re8 61. Nf3 Qe6 62. Qf4 Qg4 63. Qxg4 hxg4 64. Nd4 Re4 65. Nc6 Kf8 66. Kg2 Ke8 67. f3 Re2+ 68. Kf1 gxf3 69. Nd4 Rg2 0-1


[Site "https://www.chess.com"]

[Event "Titled Tuesday Blitz November 07 Early 2023"]
[White "Timofeev, Artyom"]
[Black "Andreikin, Dmitry"]
[WhiteFideId "4140419"]
[BlackFideId "4158814"]
[WhiteElo "2856"]
[BlackElo "3111"]
[Result "0-1"]
[Round "5"]
[TimeControl "180+1"]
[Date "2023.11.07"]
[WhiteClock "0:00:26"]
[BlackClock "0:01:00"]
[Board "11"]

1. e4 c5 2. Nc3 Nc6 3. Nf3 g6 4. d4 cxd4 5. Nxd4 Bg7 6. Be3 Nf6 7. Bc4 O-O 8. Bb3 d6 9. h3 Bd7 10. O-O Na5 11. Qe2 a6 12. Rad1 Rc8 13. Rfe1 Qc7 14. Bg5 Nxb3 15. cxb3 Qc5 16. Be3 Qc7 17. Qd2 b5 18. a3 Qb7 19. Bh6 b4 20. axb4 Qxb4 21. Bxg7 Kxg7 22. e5 dxe5 23. Rxe5 Rfd8 24. Qe3 e6 25. g4 h6 26. Qf4 Qb8 27. Rd3 Rc5 28. Rde3 Be8 29. b4 Rxe5 30. Qxe5 Qxe5 0-1


[Site "https://www.chess.com"]

[Event "Titled Tuesday Blitz November 07 Early 2023"]
[White "Paravyan, David"]
[Black "Kamsky, Gata"]
[WhiteFideId "4194985"]
[BlackFideId "2000024"]
[WhiteElo "3075"]
[BlackElo "2847"]
[Result "1/2-1/2"]
[Round "5"]
[TimeControl "180+1"]
[Date "2023.11.07"]
[WhiteClock "0:00:32"]
[BlackClock "0:00:34"]
[Board "12"]

1. e4 c5 2. Nf3 e6 3. d4 cxd4 4. Nxd4 a6 5. h3 Qc7 6. Bd3 g6 7. Nc3 Bg7 8. Be3 Nc6 9. Nxc6 bxc6 10. Qd2 d5 11. exd5 cxd5 12. Bf4 Be5 13. Bxe5 Qxe5+ 14. Ne2 Ne7 15. Qh6 g5 16. h4 Qxb2 17. O-O gxh4 18. Qxh4 Qg7 19. Ng3 h5 20. Nxh5 Qh6 21. Nf6+ Kf8 22. Qxh6+ Rxh6 23. Ng4 Rh4 24. Ne5 f6 25. Nf3 Rb4 26. c3 Rb2 27. Rfb1 Rab8 28. Nd4 Rxb1+ 29. Rxb1 Rxb1+ 30. Bxb1 e5 31. Nb3 Nc6 32. f3 Ke7 33. Kf2 Kd6 34. Ke3 a5 35. Bd3 a4 36. Nd2 Kc5 37. Bc2 a3 38. Nb1 d4+ 39. Kd2 Be6 40. Nxa3 Bxa2 41. Be4 dxc3+ 42. Kxc3 Nd4 43. Nc2 f5 44. Bd3 Nxc2 45. Bxc2 f4 46. Kd2 Kd4 47. Ke2 Bc4+ 48. Kf2 Bd5 49. g3 fxg3+ 50. Kxg3 Ke3 51. Bd1 Be6 52. Kg2 Bc4 53. Kg3 Be6 54. Kg2 Bc4 55. Kg3 Be6 1/2-1/2


[Site "https://www.chess.com"]

[Event "Titled Tuesday Blitz November 07 Early 2023"]
[White "Le, Quang Liem"]
[Black "Fernandez, Daniel"]
[WhiteFideId "12401137"]
[BlackFideId "2015390"]
[WhiteElo "3048"]
[BlackElo "2839"]
[Result "1-0"]
[Round "5"]
[TimeControl "180+1"]
[Date "2023.11.07"]
[WhiteClock "0:00:28"]
[BlackClock "0:00:06"]
[Board "13"]

1. Nf3 d5 2. e3 Bg4 3. c4 e6 4. Qb3 Nc6 5. cxd5 Bxf3 6. gxf3 Qxd5 7. Qxd5 exd5 8. d4 a6 9. Bd2 Bd6 10. Rg1 Kf8 11. Nc3 Nce7 12. e4 Bxh2 13. Rg5 h6 14. Rh5 Bd6 15. O-O-O c6 16. Bd3 Rd8 17. e5 Bc7 18. Rdh1 g6 19. R5h3 Kg7 20. Na4 h5 21. Bg5 Kf8 22. f4 Nh6 23. f5 Nhxf5 24. Bxf5 Nxf5 25. Bxd8 Bxd8 26. Rb3 b5 27. Nc5 Nxd4 28. Rd3 Bb6 29. Nd7+ 1-0


[Site "https://www.chess.com"]

[Event "Titled Tuesday Blitz November 07 Early 2023"]
[White "Lobanov, Sergei"]
[Black "Xiong, Jeffery"]
[WhiteFideId "24183750"]
[BlackFideId "2047640"]
[WhiteElo "2822"]
[BlackElo "3009"]
[Result "1/2-1/2"]
[Round "5"]
[TimeControl "180+1"]
[Date "2023.11.07"]
[WhiteClock "0:00:45"]
[BlackClock "0:01:11"]
[Board "14"]

1. d4 Nf6 2. c4 g6 3. Nc3 d5 4. cxd5 Nxd5 5. e4 Nxc3 6. bxc3 Bg7 7. Nf3 c5 8. Bb5+ Nc6 9. Bxc6+ bxc6 10. O-O O-O 11. Qc2 cxd4 12. cxd4 Bg4 13. Ne5 Qxd4 14. Bb2 Qb6 15. Rab1 Bxe5 16. Bxe5 Qa5 17. Bf4 Be6 18. a4 Rfd8 19. Rb7 Rd7 20. Rxd7 Bxd7 21. Rd1 Be6 22. h3 Rd8 23. Rb1 c5 24. Rb7 Rd7 25. Rb8+ Rd8 26. Rb7 Rd7 27. Rb8+ Rd8 28. Rb7 1/2-1/2


[Site "https://www.chess.com"]

[Event "Titled Tuesday Blitz November 07 Early 2023"]
[White "Boros, Denes"]
[Black "Kozak, Antoni"]
[WhiteFideId "722340"]
[BlackFideId "21832030"]
[WhiteElo "2947"]
[BlackElo "2799"]
[Result "0-1"]
[Round "5"]
[TimeControl "180+1"]
[Date "2023.11.07"]
[WhiteClock "0:00:00"]
[BlackClock "0:00:04"]
[Board "15"]

1. d4 Nf6 2. Nc3 d5 3. Bg5 c6 4. Qd3 Bg4 5. Nf3 e6 6. e4 h6 7. Bxf6 gxf6 8. Nd2 Bh5 9. Qh3 Bg6 10. Bd3 Bb4 11. a3 Ba5 12. O-O dxe4 13. Ndxe4 f5 14. Nc5 Qxd4 15. Nb3 Qb6 16. Ne2 Qc7 17. Qh4 Qd8 18. Qc4 Bc7 19. Rad1 Nd7 20. Nf4 Bxf4 21. Qxf4 Qg5 22. Qc7 Nf6 23. Qe5 O-O 24. h3 Nh5 25. f4 Qf6 26. Qe3 Ng7 27. Nc5 Qe7 28. b4 b6 29. Nb3 Rfd8 30. Nd4 Qc7 31. Nf3 Rd5 32. c4 Rdd8 33. Ne5 c5 34. b5 Qe7 35. Nc6 Qf6 36. Nxd8 Rxd8 37. Be2 Rd4 38. Qe5 Qxe5 39. fxe5 Re4 40. Bd3 Rxe5 41. Kf2 Ne8 42. Kf3 Kf8 43. a4 Ke7 44. a5 Nd6 45. axb6 axb6 46. Rfe1 Rxe1 47. Rxe1 f6 48. Ra1 e5 49. Kf2 e4 50. Bf1 Bf7 51. Ra7+ Ke8 52. Ra4 Ke7 53. g3 Ke6 54. Ke3 Ke5 55. Be2 Be6 56. h4 Bf7 57. Bf1 Be6 58. Be2 Bf7 59. Ra6 Bxc4 60. Rxb6 Bxe2 61. Kxe2 Kd5 62. Rb8 c4 63. Ke3 Kc5 64. Rf8 c3 65. b6 Kxb6 66. Rxf6 Kc5 67. Rxh6 Nc4+ 68. Ke2 c2 0-1


[Site "https://www.chess.com"]

[Event "Titled Tuesday Blitz November 07 Early 2023"]
[White "Gharibyan, Mamikon"]
[Black "Navara, David"]
[WhiteFideId "13308300"]
[BlackFideId "309095"]
[WhiteElo "2781"]
[BlackElo "2934"]
[Result "1-0"]
[Round "5"]
[TimeControl "180+1"]
[Date "2023.11.07"]
[WhiteClock "0:00:06"]
[BlackClock "0:00:05"]
[Board "16"]

1. e4 c6 2. d4 d5 3. e5 Bf5 4. Nf3 e6 5. Be2 Ne7 6. O-O c5 7. c3 Nec6 8. Be3 Nd7 9. a3 a5 10. a4 cxd4 11. cxd4 Nb4 12. Na3 Be7 13. Rc1 O-O 14. Qd2 Qb6 15. Nb5 Rfc8 16. b3 h6 17. h3 Rc6 18. Bf4 Rac8 19. Rxc6 bxc6 20. Nd6 Bxd6 21. exd6 Nf6 22. Rc1 Ne4 23. Qe1 Rd8 24. Ne5 f6 25. Nd3 Nxd3 26. Bxd3 Qxd4 27. Bf1 e5 28. Be3 Qb4 29. Qxb4 axb4 30. Rxc6 d4 31. Bc1 Be6 32. a5 Bxb3 33. a6 Bd5 34. Rb6 b3 35. a7 Rxd6 36. Bc4 Kh7 37. Bxd5 Rxd5 38. a8=Q Rc5 39. Qxe4+ Kh8 40. Rb8+ Rc8 41. Rxc8# 1-0


[Site "https://www.chess.com"]

[Event "Titled Tuesday Blitz November 07 Early 2023"]
[White "Makhnev, Denis"]
[Black "Csonka, Balazs"]
[WhiteFideId "13707647"]
[BlackFideId "742910"]
[WhiteElo "2930"]
[BlackElo "2772"]
[Result "1-0"]
[Round "5"]
[TimeControl "180+1"]
[Date "2023.11.07"]
[WhiteClock "0:00:10"]
[BlackClock "0:00:01"]
[Board "17"]

1. d4 Nf6 2. c4 g6 3. Nc3 Bg7 4. e4 d6 5. Bd3 O-O 6. Nge2 Nc6 7. O-O Nh5 8. Be3 e5 9. Bc2 Nf4 10. d5 Nxe2+ 11. Nxe2 Ne7 12. Qd2 f5 13. exf5 Nxf5 14. Bg5 Qe8 15. Rae1 Bd7 16. b3 Qf7 17. f4 exf4 18. Nxf4 h6 19. Bxf5 Bxf5 20. Ne6 hxg5 21. Nxf8 Rxf8 22. g4 Qd7 23. gxf5 Rxf5 24. Re6 Qf7 25. Qe2 Be5 26. Kg2 Qh7 27. h3 Qh4 28. Qg4 Qxg4+ 29. hxg4 Rxf1 30. Kxf1 Kf7 31. Ke2 a5 32. c5 Kg7 33. Re7+ Kf6 34. Rxc7 1-0


[Site "https://www.chess.com"]

[Event "Titled Tuesday Blitz November 07 Early 2023"]
[White "Melkumyan, Hrant"]
[Black "Timerkhanov, Alexander"]
[WhiteFideId "13302485"]
[BlackFideId "24177938"]
[WhiteElo "2894"]
[BlackElo "2737"]
[Result "1/2-1/2"]
[Round "5"]
[TimeControl "180+1"]
[Date "2023.11.07"]
[WhiteClock "0:00:09"]
[BlackClock "0:00:07"]
[Board "18"]

1. Nf3 d5 2. e3 Nf6 3. c4 c6 4. Nc3 g6 5. cxd5 cxd5 6. Bb5+ Bd7 7. Qb3 e6 8. Ne5 a6 9. Be2 Nc6 10. Nxd7 Qxd7 11. d4 Na5 12. Qd1 b5 13. Bd2 Nc4 14. Qb3 Bd6 15. a4 b4 16. Nb1 Rc8 17. O-O O-O 18. Rd1 Rc7 19. a5 Rb8 20. Be1 Rb5 21. Nd2 Rxa5 22. Nxc4 dxc4 23. Bxc4 Rxa1 24. Rxa1 Qc6 25. Bf1 Qc2 26. Qxc2 Rxc2 27. Rxa6 Be7 28. Ra7 Bd6 29. Ra6 Be7 30. f3 Nd5 31. Bf2 Rxb2 32. g3 Nc3 33. Ra7 Bd6 34. Rb7 Nd1 35. Be1 Nxe3 36. Bd3 b3 37. Bf2 Nd1 38. Be1 Ne3 39. Rb6 Be7 40. Rb7 Bd6 1/2-1/2


[Site "https://www.chess.com"]

[Event "Titled Tuesday Blitz November 07 Early 2023"]
[White "Zhigalko, Sergei"]
[Black "Atakhan, Abtin"]
[WhiteFideId "13502956"]
[BlackFideId "22502203"]
[WhiteElo "2892"]
[BlackElo "2721"]
[Result "1-0"]
[Round "5"]
[TimeControl "180+1"]
[Date "2023.11.07"]
[WhiteClock "0:00:05"]
[BlackClock "0:00:06"]
[Board "19"]

1. e4 c5 2. Nf3 d6 3. d4 cxd4 4. Qxd4 Nf6 5. Nc3 Nc6 6. Bb5 Bd7 7. Bxc6 Bxc6 8. Bg5 e6 9. O-O-O Be7 10. Rhe1 O-O 11. Kb1 Qa5 12. Qd2 Qa6 13. Nd4 Rac8 14. f3 b5 15. g4 b4 16. Nce2 Qb7 17. Ng3 a5 18. Nh5 Nxh5 19. gxh5 f6 20. Be3 Bd7 21. Rg1 Rf7 22. h4 Kh8 23. Qg2 d5 24. h6 g6 25. exd5 Qxd5 26. Nf5 Qxf5 27. Rxd7 e5 28. Rgd1 Qe6 29. Qe2 Bf8 30. Qb5 Rxd7 31. Qxd7 Qxd7 32. Rxd7 f5 33. Bg5 Kg8 34. Ra7 e4 35. fxe4 fxe4 36. Rxa5 Kf7 37. Ra7+ Ke6 38. Rxh7 Kf5 39. Rf7+ Kg4 40. h7 Bc5 41. a4 e3 42. Bxe3 Bxe3 43. Rg7 Bd4 44. Rg8 Rc7 45. h8=Q Bxh8 46. Rxh8 Kg3 47. b3 Rf7 48. Rh6 Rg7 49. h5 g5 50. Rg6 Rc7 51. Rxg5+ Kf4 52. Rb5 Ke4 53. Rxb4+ Ke3 54. Rc4 Rh7 55. Rc5 Kd2 56. Kb2 Rh6 57. Rd5+ Ke3 58. c4 Ke4 59. a5 Rf6 60. Ka3 Rf1 61. Kb4 Ra1 62. Kb5 Ra3 63. b4 Kf4 64. a6 1-0


[Site "https://www.chess.com"]

[Event "Titled Tuesday Blitz November 07 Early 2023"]
[White "Le, Tuan Minh"]
[Black "Darini, Pouria"]
[WhiteFideId "12401153"]
[BlackFideId "12502200"]
[WhiteElo "3072"]
[BlackElo "2731"]
[Result "1-0"]
[Round "5"]
[TimeControl "180+1"]
[Date "2023.11.07"]
[WhiteClock "0:00:55"]
[BlackClock "0:00:23"]
[Board "20"]

1. d4 Nf6 2. Nf3 g6 3. c4 Bg7 4. g3 O-O 5. Bg2 d6 6. O-O Nc6 7. d5 Na5 8. Na3 c5 9. Re1 a6 10. e4 Bg4 11. Rb1 Rb8 12. b3 Nd7 13. h3 Bxf3 14. Bxf3 b5 15. Bd2 Qc7 16. Be2 bxc4 17. bxc4 Rxb1 18. Nxb1 Nb7 19. Kg2 Rb8 20. Qc2 Nd8 21. Nc3 Qa5 22. Rb1 Rxb1 23. Nxb1 Qb6 24. Qa4 Nf6 25. Bd3 Nb7 26. Qc6 Qa7 27. Qc8+ Bf8 28. Bh6 1-0


[Site "https://www.chess.com"]